 Dungeon Crawl Stone Soup version 0.30.0-29-ga12c61a403 (webtiles) character file.

Game seed: 17830352143939411541

606 seaoflcl the Shield-Bearer (level 7, -8/61 HPs)
             Began as a Minotaur Fighter on June 9, 2023.
             Mangled by Pikel
             ... wielding a +2 whip of electrocution
              (17 damage)
             ... on level 5 of the Dungeon.
             The game lasted 00:05:07 (4095 turns).

seaoflcl the Shield-Bearer (Minotaur Fighter)       Turns: 4095, Time: 00:05:08

Health: -8/61      AC:  9    Str: 23    XL:     7   Next: 19%
Magic:  6/6        EV:  8    Int:  5    God:
Gold:   200        SH:  5    Dex: 15    Spells: 6/6 levels left

rFire   . . .        B - +3 spear
rCold   . . .        c - +0 buckler
rNeg    . . .        h - +0 chain mail
rPois   .            (helmet restricted)
rElec   .            (no cloak)
rCorr   .            (no gloves)
SInv    .            (no boots)
Will    .....        (no amulet) Stlth
                     q - +6 ring of dexterity
HPRegen 0.30/turn    (no ring)
MPRegen 0.10/turn

%: no passive effects
@: mighty, lethally poisoned (-8 -> -12)
A: horns 2, retaliatory headbutt
a: no special abilities


You were on level 5 of the Dungeon.
You visited 1 branch of the dungeon, and saw 5 of its levels.

You collected 200 gold pieces.

Inventory:

Hand Weapons
 a - a +0 war axe
 u - a +2 dagger of electrocution
 B - a +3 spear (weapon)
Missiles
 e - 4 curare-tipped darts (quivered)
 j - 8 poisoned darts
 t - 2 throwing nets
Armour
 c - a +0 buckler (worn)
 f - the +0 leather armour of Daiw {Rampage rPois rF+ rN++}
   (You found it on level 4 of the Dungeon)

   rF:        It protects you from fire.
   rPois:     It protects you from poison.
   rN:        It greatly protects you from negative energy.
   Rampage:   It bestows one free step when moving towards enemies.
 h - a +0 chain mail (worn)
Jewellery
 m - a ring of positive energy
 q - a +6 ring of dexterity (left hand)
 y - a ring of ice
 A - a ring of fire
Scrolls
 b - a scroll of magic mapping
 g - 2 scrolls of vulnerability
 k - a scroll of enchant armour {unknown}
 o - 3 scrolls of teleportation
 p - 2 scrolls of enchant weapon
 z - a scroll of amnesia {unknown}
 C - a scroll of fog {unknown}
 D - a scroll of torment {unknown}
 F - a scroll of fear {unknown}
Potions
 d - a potion of might
 i - a potion of attraction
 l - a potion of heal wounds {unknown}
 n - 2 potions of lignification
 r - a potion of magic {unknown}
 s - a potion of brilliance {unknown}
 v - a potion of curing {unknown}
 w - a potion of berserk rage {unknown}
 x - a potion of mutation {unknown}


   Skills:
 + Level 5.1 Fighting
 - Level 5.2(5.5) Axes
 * Level 2.4(4.2) Polearms
 + Level 2.6 Throwing
 + Level 5.2 Armour
 + Level 5.3 Shields


You had 6 spell levels left.
You didn't know any spells.
Your spell library contained the following spells:

 Spells                   Type           Power      Damage    Failure   Level
 Cigotuvi's Dreadful Rot  Necr/Pois/Air  0%         N/A       99%         2
 Ignite Poison            Fire/Tmut/Pois 0%         N/A       100%        3
 Freezing Cloud           Conj/Ice/Air   0%         6-21      100%        5


Dungeon Overview and Level Annotations

Branches:
Dungeon (5/15)
 Temple: D:4-7

Altars:
Makhleb
Ru
Sif Muna

Annotations:
D:5 Pikel


Innate Abilities, Weirdness & Mutations

You have a pair of horns on your head.
You reflexively headbutt those who attack you in melee.


Message History

You headbutt the lemure! You closely miss Pikel.
Pikel is moderately wounded.
You block the scorpion's attack. You block Pikel's attack.
The lemure hits you but does no damage. The lemure completely misses you.
You furiously retaliate!
You headbutt the lemure!! The lemure barely misses you.
You furiously retaliate!
You headbutt the lemure! The lemure barely misses you.
You miss Pikel.
Pikel is moderately wounded.
The scorpion stings you.
You are poisoned.
The scorpion poisons you! Pikel hits you but does no damage.
You are electrocuted!
The lemure hits you. The lemure barely misses you. You furiously retaliate!
You headbutt the lemure!
You kill the lemure!
That felt strangely unrewarding.
The lemure closely misses you. You furiously retaliate!
You headbutt the lemure!!
You kill the lemure!
That felt strangely unrewarding.
The lemure closely misses you.
You barely miss Pikel.
Pikel is moderately wounded.
You feel sick.
The scorpion stings you but does no damage.
You barely miss Pikel. Your headbutt misses Pikel.
Pikel is moderately wounded.
You feel sick. You block Pikel's attack. The lemure completely misses you.
The lemure hits you but does no damage. The scorpion closely misses you.
You furiously retaliate!
You headbutt the scorpion!
Unknown command.
You puncture Pikel! Your headbutt misses Pikel.
Pikel is heavily wounded.
You feel sick.
The scorpion stings you but does no damage.
The lemure hits you but does no damage. The lemure hits you.
* * * LOW HITPOINT WARNING * * *
Pikel hits you with a +2 whip of electrocution.
* * * LOW HITPOINT WARNING * * *
You are electrocuted!
You die...

.....#
######..#.
..........
.........##
..?.......
.........##
.......sK.###
.......@....#
.......55......
..............#
#.....#.####...
..#####<# .. #
#.# . #.# #..
###


You could see Pikel, 2 lemures and a scorpion.

Vanquished Creatures
  Sigmund (D:3)
  2 lemures (D:5)
  A scorpion (D:4)
  2 vampire bats (D:4)
  2 hounds (D:4)
  A sleepcap (D:3)
  An iguana (D:4)
  7 gnolls
  5 adders
  An ufetubus (D:4)
  2 worms (D:2)
  A dart slug (D:1)
  5 orcs (D:3)
  9 endoplasms
  2 giant cockroaches
  7 goblins
  5 hobgoblins
  2 jackals (D:4)
  6 kobolds
  3 quokkas
  5 ball pythons
  7 bats
  4 frilled lizards
  6 rats
87 creatures vanquished.

Notes
Turn   | Place    | Note
-------+----------+-------------------------------------------
     0 | D:1      | seaoflcl the Minotaur Fighter began the quest for the Orb.
     0 | D:1      | Reached XP level 1. HP: 19/19 MP: 0/0
   329 | D:1      | Reached XP level 2. HP: 26/27 MP: 1/1
  1146 | D:2      | Reached XP level 3. HP: 24/33 MP: 2/2
  1478 | D:2      | Reached skill level 1 in Throwing
  1478 | D:2      | Reached XP level 4. HP: 21/40 MP: 3/3
  2264 | D:3      | Found a sacrificial altar of Ru.
  2288 | D:3      | Reached XP level 5. HP: 47/47 MP: 4/4
  2358 | D:3      | Noticed Sigmund
  2369 | D:3      | Killed Sigmund
  2370 | D:3      | Reached XP level 6. HP: 33/53 MP: 5/5
  2627 | D:3      | Reached skill level 5 in Axes
  3227 | D:4      | Identified the +0 leather armour of Daiw {Rampage rPois rF+
                  | rN++}
  3415 | D:4      | Reached skill level 5 in Shields
  3577 | D:4      | Found a shimmering blue altar of Sif Muna.
  3627 | D:4      | Reached skill level 1 in Polearms
  3762 | D:4      | Found a burning altar of Makhleb.
  3806 | D:4      | Reached skill level 5 in Fighting
  3806 | D:4      | Reached skill level 5 in Armour
  3919 | D:4      | Reached XP level 7. HP: 61/61 MP: 6/6
  4035 | D:5      | Entered Level 5 of the Dungeon
  4035 | D:5      | Noticed Pikel
  4095 | D:5      | Mangled by Pikel

Illustrated notes

Levels and vault maps discovered:
D:1:      erik_arrival_triangle_large, layout_basic, serial_glass,
          glass_columns_c, glass_columns_b
D:2:      layout_loops_ring, minmay_pentomino_u4
D:3:      layout_basic, mainiacjoe_overflow_cross_hatched, serial_park_tiny_2,
          hangedman_decor_riveting, uniq_sigmund
D:4:      layout_basic, mainiacjoe_overflow_alcove_2, led_sif_book,
          dk_noncrumbling_4, st_stairs_11, roderic_batcave
D:5:      layout_rooms, nemelex_diamond_rough_becter, serial_shops,
          nicolae_shop_hallway_plus, uniq_pikel

Skill      XL: |  1  2  3  4  5  6 |
---------------+-------------------+-----
Axes           | 3 4 5 |  5.2
Shields        | 4 5 |  5.3
Fighting       | 4 5 |  5.1
Armour         | 4 5 |  5.2
Throwing       | 1 2 |  2.6
Polearms       | 2 |  2.4

Action                     |  1- 3 |  4- 6 |  7- 9 || total
---------------------------+-------+-------+-------++-------
  Melee: War axe           |    65 |    56 |       ||   121
         Headbutt          |     8 |    14 |     1 ||    23
         Spear             |       |    48 |    12 ||    60
    Use: Scroll            |       |     5 |     1 ||     6
         Potion            |       |       |     1 ||     1
 Armour: Chain mail        |    25 |    47 |    11 ||    83
         Scale mail        |     2 |       |       ||     2
  Dodge: Dodged            |    21 |    43 |    14 ||    78
  Block: Buckler           |    18 |    27 |     6 ||    51
